 Dungeon Crawl Stone Soup version 0.30-a0-137-gd8773701ce (webtiles) character file.

Game seed: 7088131355713980287

45 Gargoyl the Trooper (level 3, 0/24 HPs)
             Began as a Gargoyle Berserker on Sept 23, 2022.
             Was a Follower of Trog.
             Slain by a gnoll
             ... wielding a +0 spear
              (2 damage)
             ... on level 2 of the Dungeon.
             The game lasted 00:00:56 (565 turns).

Gargoyl the Trooper (Gargoyle Berserker)             Turns: 565, Time: 00:00:57

Health: 0/24       AC:  5    Str: 20    XL:     3   Next: 64%
Magic:  3/3        EV: 12    Int:  7    God:    Trog [*.....]
Gold:   42         SH:  0    Dex: 11    Spells: 2/2 levels left

rFire   . . .      SeeInvis .    d - +1 whip (freeze)
rCold   . . .      Faith    .    (no shield)
rNeg    + . .      Spirit   .    b - +0 animal skin
rPois   ∞          Reflect  .    (no helmet)
rElec   +          Harm     .    (no cloak)
rCorr   .          Rampage  .    (no gloves)
Will    .....                    (no boots)
Stlth   +.........               (no amulet)
HPRegen 0.08/turn                (no ring)
MPRegen 0.08/turn                (no ring)

@: on berserk cooldown, attractive, flying, slowed, very slow
A: sickness immunity, AC +3, negative energy resistance 1, electricity
resistance, torment resistance 1, petrification resistance
a: Renounce Religion, Berserk


You were on level 2 of the Dungeon.
You worshipped Trog.
Trog was aware of your devotion.
You visited 1 branch of the dungeon, and saw 2 of its levels.

You collected 42 gold pieces.

Inventory:

Hand Weapons
 a - a +0 hand axe
 d - a +1 whip of freezing (weapon)
Armour
 b - a +0 animal skin (worn)
Scrolls
 c - 2 scrolls of poison {unknown}
 e - a scroll of butterflies {unknown}
 g - a scroll of immolation {unknown}
 h - a scroll of enchant weapon {unknown}


   Skills:
 + Level 4.0 Fighting
 + Level 3.1 Axes
 + Level 0.8(2.3) Maces & Flails
 + Level 2.2 Armour
 + Level 2.0 Dodging


You had 2 spell levels left.
You didn't know any spells.
Your spell library was empty.

Dungeon Overview and Level Annotations

Branches:
Dungeon (1/15)

Altars:


Innate Abilities, Weirdness & Mutations

You are immune to sickness and miasma.
Your stone body is resilient. (AC +3)
You are immune to poison.
You resist negative energy. (rN+)
You are resistant to electric shocks. (rElec)
You are resistant to unholy torment.
You are immune to petrification.


Message History

The gnoll is moderately wounded.
The gnoll hits you with a +0 flail.
You barely miss the gnoll.
The gnoll is moderately wounded.
The gnoll hits you with a +0 flail.
You whack the gnoll! You freeze the gnoll.
You kill the gnoll!
Trog accepts your kill. The gnoll barely misses you.
Things that are here:
a +0 flail; a +0 whip; a gnoll corpse You whack the gnoll!
You freeze the gnoll.
The gnoll is almost dead.
The gnoll misses you.
The gnoll shouts!
You whack the gnoll! You freeze the gnoll.
You kill the gnoll!
Trog accepts your kill.
Your Dodging skill increases to level 2!
Things that are here:
a +0 flail; a gnoll corpse You feel a strong urge to attack something.
You are no longer berserk.
You are exhausted.
You feel yourself slow down.
The gnoll hits you from afar with a +0 spear.
The gnoll hits you from afar with a +0 spear.
Okay, then.
It was a potion of attraction.
You feel attractive to monsters.
The gnoll hits you from afar with a +0 spear. x2
* * * LOW HITPOINT WARNING * * *
The gnoll is attracted toward you.
It was a potion of flight.
You feel very buoyant.
You fly up into the air.
The gnoll closely misses you.
You barely miss the gnoll. The gnoll hits you with a +0 spear.
* * * LOW HITPOINT WARNING * * *
The gnoll hits you with a +0 spear.
You die...

#### #### #..
..# ####.# #.#
..#.#####.####
#.#)##.......#
###.#)##.##.##.#
##.#........##.#
#
#......#..§g@..#
#....g.#########
#.##.#.# # #.#.#
#.#.# #g#g# ..#
###


You could see a gnoll.

Vanquished Creatures
  3 gnolls (D:2)
  3 ball pythons (D:1)
  3 bats (D:1)
  2 endoplasms (D:1)
  A hobgoblin (D:1)
  A frilled lizard (D:1)
  2 kobolds (D:1)
  2 rats (D:1)
17 creatures vanquished.

Vanquished Creatures (others)
  A fungus (D:1)
1 creature vanquished.

Grand Total: 18 creatures vanquished

Notes
Turn   | Place    | Note
-------+----------+-------------------------------------------
     0 | D:1      | Gargoyl the Gargoyle Berserker began the quest for the Orb.
     0 | D:1      | Reached XP level 1. HP: 14/14 MP: 1/1
   184 | D:1      | Found a faded altar of an unknown god.
   227 | D:1      | Reached XP level 2. HP: 19/19 MP: 2/2
   526 | D:1      | You fall into a shaft and drop 1 floor!
   548 | D:2      | Reached skill level 4 in Fighting
   548 | D:2      | Reached XP level 3. HP: 18/24 MP: 3/3
   565 | D:2      | Slain by a gnoll

Illustrated notes

Levels and vault maps discovered:
D:1:      dpeg_arrival_chambers_temple_mockup, layout_loops_ring,
          shapermc_ecumenical_altar_mp_ritualfount
D:2:      layout_loops_cross

Skill      XL: |  1  2  3 |
---------------+----------+-----
Axes           | 3 |  3.1
Fighting       | 4 |  4.0
Dodging        | 2 |  2.0
Maces & Flails | |  0.8
Armour         | |  2.2

Action                   || total
-------------------------++-------
Melee: Whip              ||    44
Invok: Berserk           ||     1
  Use: Potion            ||     2
Armor: Animal skin       ||    15
Dodge: Dodged            ||    30

Table legend: (Time is in decaauts)
 A = Elapsed time spent in this place.
 B = Non-inter-level travel time spent in this place.
 C = Inter-level travel time spent in this place.
 D = Time resting spent in this place.
 E = Time spent auto-exploring this place.
 F = Levels seen in this place.
 G = Mean time per level.
                   A        B        C        D        E       F      G
               +--------+--------+--------+--------+--------+-----+--------+
         Total |    564 |    564 |      0 |      0 |    423 |   2 |  282.0 |
       Dungeon |    564 |    564 |      0 |      0 |    423 |   2 |  282.0 |
               +--------+--------+--------+--------+--------+-----+--------+

Top non-repeatable levels by time:
     D:1: 525 daAuts
     D:2: 38 daAuts
